 Seeded DCSS version 0.29-a0-653-gd47aff6735 (webtiles) character file.

Game seed: 10802498693541890562 (custom seed)

46 wilfster70 the Magician (level 3, 0/25 HPs)
             Began as a Djinni Ice Elementalist on June 21, 2022.
             Slain by a goblin
             ... wielding a +0 dagger
             ... led by Robin
              (2 damage)
             ... on level 1 of the Dungeon.
             The game lasted 00:03:55 (1410 turns).

wilfster70 the Magician (Djinni Ice Elementalist)   Turns: 1410, Time: 00:03:56

Health: 0/25       AC:  2    Str:  7    XL:     3   Next: 92%
Gold:   88         EV: 12    Int: 18    God:
                   SH:  0    Dex: 13

rFire   + + .      SeeInvis .   a - +1 fustibalus (freeze)
rCold   x . .      Faith    .   (no shield)
rNeg    . . .      Spirit   .   c - +0 robe
rPois   ∞          Reflect  .   (no helmet)
rElec   .          Harm     .   (no cloak)
rCorr   .          Rampage  .   (no gloves)
Will    .....                   (boots unavailable)
Stlth   ++........              (no amulet)
HPRegen 0.08/turn               (no ring)
MPRegen 0.00/turn               (no ring)

@: flying, very slightly contaminated
A: sickness immunity, fire resistance 2, cold vulnerability 1, float, innate
caster, HP casting, extra vitality 1
a: no special abilities


You were on level 1 of the Dungeon.
You visited 1 branch of the dungeon, and saw 2 of its levels.

You collected 88 gold pieces.

Inventory:

Hand Weapons
 a - a +1 fustibalus of freezing (weapon)
Armour
 c - a +0 robe (worn)
Scrolls
 d - a scroll of fog {unknown}
 e - a scroll of identify {unknown}
 g - 2 scrolls of teleportation {unknown}
 i - a scroll of brand weapon {unknown}
 j - a scroll of noise {unknown}
 k - a scroll of enchant armour {unknown}
Potions
 b - a potion of degeneration {unknown}
 f - a potion of berserk rage {unknown}
 h - a potion of haste {unknown}


   Skills:
 - Level 2.7 Dodging
 - Level 2.0 Stealth
 + Level 3.9 Spellcasting


You couldn't memorise any spells.
You knew the following spells:

 Your Spells              Type           Power      Damage    Failure   Level
a - Freeze                Ice            68%        1d8       3%          1
b - Frozen Ramparts       Ice            34%        1d5       9%          3
c - Ozocubu's Armour      Ice            17%        N/A       9%          3
d - Hailstorm             Conj/Ice       17%        3d6       28%         4
e - Apportation           Tloc           34%        N/A       3%          1
Your spell library was empty.

Dungeon Overview and Level Annotations

Branches:
Dungeon (2/15)

Altars:

Annotations:
D:2 Robin


Innate Abilities, Weirdness & Mutations

You are immune to sickness and miasma.
You are immune to poison.
Your flesh is very heat resistant. (rF++)
You are vulnerable to cold. (rC-)
You float through the air rather than walking.
You learn spells naturally, not from books.
Your magical power is your life essence.
You have superior vitality. (+4 MHP)


Message History

You kill the goblin!
You start resting.
The frozen ramparts melt away.
You start resting.
HP restored.
You fly downwards.
Level annotation: Robin The goblin hits you with a +0 dagger.
The goblin hits you with a +0 club. The hobgoblin barely misses you.
There is a stone staircase leading up here.
The goblin hits you with a +0 dagger. x2; The hobgoblin barely misses you.
The goblin hits you with a +0 club.
You fly upwards.
There is a stone staircase leading down here.
Casting: Frozen Ramparts (quite dangerous; 9% risk of failure)
Confirm with . or Enter, or press ? or * to list all spells.
The spell is quite dangerous to miscast (9% risk of failure)!
Continue anyway? [Y]es or [N]o only, please.
The spell is quite dangerous to miscast (9% risk of failure)!
Continue anyway?
Casting: Frozen Ramparts (quite dangerous; 9% risk of failure)
Press: ? - help, Dir - look around, f - activate A stone staircase leading down.
You miscast Frozen Ramparts.
You are very lightly contaminated with residual magic.
Nothing appears to happen.
The goblin hits you with a +0 club. The goblin hits you with a +0 dagger.
The hobgoblin barely misses you. The goblin closely misses you.
The goblin hits you with a +0 dagger.
* * * LOW HITPOINT WARNING * * *
Fire: a) +1 fustibalus (freeze)
Press: ? - help, Q - select action, (/) - cycle Shift-Dir - straight line, f - hobgoblin
Aim: a hobgoblin (50% to hit)
You shoot a sling bullet.
The sling bullet barely misses the hobgoblin.
The goblin hits you with a +0 club.
* * * LOW HITPOINT WARNING * * *
The goblin hits you with a +0 dagger.
* * * LOW HITPOINT WARNING * * *
The hobgoblin hits you but does no damage.
The goblin hits you with a +0 dagger.
You die...

#.### #....#.# #####.#
# #.# #...#.##
#.....#### #.# #..#.##
#.###..... #.# #..###
#.# #.#### #.# #..#
#.# #.##.. #.# #..##
#.# #.##.# #.# ##...#
#.# #.##.# #.# #.)#g#
#.# #....# #.#
###.g@.### #.# ####.#
#.# #...ggg..#
#.######.# ###.#
#.#..###.####.##......
#(..#
#.#..............#####
#.###
#.#.........#.#### #.#
#.(.)###....#.#
##.#######>##.#
#.#.##.#
#.............#
#.#.##.#
#..#######.†.##
#.#.##.#


You could see a hobgoblin and 4 goblins.

Vanquished Creatures
  A bat (D:1)
  4 endoplasms (D:1)
  4 giant cockroaches (D:1)
  7 goblins (D:1)
  3 hobgoblins (D:1)
  3 jackals (D:1)
  2 quokkas (D:1)
  4 ball pythons (D:1)
  5 frilled lizards (D:1)
  4 kobolds (D:1)
  2 rats (D:1)
39 creatures vanquished.

Notes
Turn   | Place    | Note
-------+----------+-------------------------------------------
     0 | D:1      | wilfster70 the Djinni Ice Elementalist began the quest for
                  | the Orb.
     0 | D:1      | wilfster70 set off with the following spells memorised:
                  | Freeze, Frozen Ramparts, Ozocubu's Armour, Hailstorm.
     0 | D:1      | Reached XP level 1. HP: 15/15 MP: 0/0
     5 | D:1      | Identified a scroll of acquirement
     5 | D:1      | Acquired a +1 fustibalus of freezing
   166 | D:1      | Found Resops's Armour Shop.
   200 | D:1      | Reached XP level 2. HP: 21/21 MP: 0/0
   528 | D:1      | Reached XP level 3. HP: 25/25 MP: 0/0
   528 | D:1      | Learned a level 1 spell: Apportation
  1125 | D:2      | Noticed Robin
  1410 | D:1      | Slain by a goblin

Illustrated notes

Levels and vault maps discovered:
D:1:      kilobyte_arrival_exit_the_forest, layout_loops_ring, serial_shops,
          shop
D:2:      layout_basic, uniq_robin

Skill      XL: |  1  2 |
---------------+-------+-----
Stealth        | 2 |  2.0
Dodging        | |  2.7
Spellcasting   | |  3.9

Action                   || total
-------------------------++-------
 Fire: Fustibalus        ||    65
 Cast: Freeze            ||     2
       Frozen Ramparts   ||     1
  Use: Scroll            ||     1
Armor: Robe              ||     7
Dodge: Dodged            ||    23

Table legend: (Time is in decaauts)
 A = Elapsed time spent in this place.
 B = Non-inter-level travel time spent in this place.
 C = Inter-level travel time spent in this place.
 D = Time resting spent in this place.
 E = Time spent auto-exploring this place.
 F = Levels seen in this place.
 G = Mean time per level.
                   A        B        C        D        E       F      G
               +--------+--------+--------+--------+--------+-----+--------+
         Total |   1449 |   1440 |      9 |    550 |    507 |   2 |  724.5 |
       Dungeon |   1449 |   1440 |      9 |    550 |    507 |   2 |  724.5 |
               +--------+--------+--------+--------+--------+-----+--------+

Top non-repeatable levels by time:
     D:1: 1444 daAuts
     D:2: 4 daAuts
